 Dungeon Crawl Stone Soup version 0.23.0 (webtiles) character file.

Game seed: 13484057110088058846

3269 Neverdly the Covered (level 9, -2/79 HPs)
             Began as a Minotaur Fighter on Feb 16, 2019.
             Was a Follower of the Shining One.
             Killed by nerve-wracking pain
             ... invoked by an orc priest
              (13 damage)
             ... on level 9 of the Dungeon.
             The game lasted 00:22:14 (5959 turns).

Neverdly the Covered (Minotaur Fighter)             Turns: 5959, Time: 00:22:16

Health: -2/79      AC: 15    Str: 23    XL:     9   Next: 68%
Magic:  8/8        EV: 21    Int:  5    God:    the Shining One [*.....]
Gold:   354        SH: 11    Dex: 13    Spells: 8/8 levels left

rFire    + . .     SeeInvis .   r - +6 flail (holy)
rCold    . . .     Gourm    .   c - +0 shield
rNeg     . . .     Faith    .   u - +0 plate armour
rPois    .         Spirit   .   (helmet unavailable)
rElec    .         Reflect  .   (no cloak)
rCorr    .         Harm     .   (no gloves)
MR       .....                  (no boots)
Stlth    ..........             o - amulet of the acrobat
HPRegen  0.23/turn              m - ring of protection from fire
MPRegen  0.11/turn              (no ring)

@: acrobat, glowing, lightly drained
A: retaliatory headbutt, horns 3, iridescent scales 1, thin skeletal structure 1
a: Renounce Religion


You were on level 9 of the Dungeon.
You worshipped the Shining One.
The Shining One was aware of your devotion.
You were not hungry.

You visited 2 branches of the dungeon, and saw 9 of its levels.
You also visited: Sewer.

You collected 354 gold pieces.

Inventory:

Hand Weapons
 a - a +0 war axe
 d - a +7 halberd
 e - a +0 club
 r - a +6 flail of holy wrath (weapon)
Armour
 b - a +1 scale mail
 c - a +0 shield (worn)
 u - a +0 plate armour (worn)
Jewellery
 m - a ring of protection from fire (left hand)
 o - an amulet of the acrobat (around neck)
Wands
 p - a wand of random effects (18)
 t - a wand of disintegration (4)
Scrolls
 g - a scroll of fog
 h - 4 scrolls of teleportation
 i - 6 scrolls of identify
 k - 2 scrolls of amnesia
 l - 5 scrolls of immolation
 n - 4 scrolls of remove curse
 s - a scroll of enchant weapon {unknown}
 y - a scroll of enchant armour
Potions
 j - a potion of degeneration
 q - a potion of curing
 v - 2 potions of flight
 w - a potion of mutation
Comestibles
 f - 12 rations
 x - 2 chunks of flesh


   Skills:
 + Level 7.6(7.5) Fighting
 + Level 7.5(9.3) Axes
 + Level 5.3(7.2) Maces & Flails
 + Level 6.5(8.1) Polearms
 + Level 7.8(7.7) Armour
 + Level 3.2(3.1) Dodging
 + Level 0.3 Stealth
 + Level 6.8 Shields


You had 8 spell levels left.
You didn't know any spells.
Your spell library contained the following spells:

 Spells                   Type           Power        Failure   Level  Hunger
 Beastly Appendage        Tmut           #.....       100%        1    ##.....
 Poisonous Vapours        Pois/Air       #.....       100%        2    ###....
 Sticks to Snakes         Tmut           #.......     100%        2    ###....
 Conjure Flame            Conj/Fire      #.......     100%        3    ####...
 Mephitic Cloud           Conj/Pois/Air  #.......     100%        3    ####...
 Spider Form              Tmut/Pois      #.........   100%        3    ####...
 Ice Form                 Ice/Tmut       #.......     100%        4    #####..
 Blade Hands              Tmut           #.........   100%        5    ######.
 Freezing Cloud           Conj/Ice/Air   #.........   100%        6    #######
 Ring of Flames           Chrm/Fire      #.........   100%        7    #######


Dungeon Overview and Level Annotations

Branches:
Dungeon (7/15)             Temple (1/1) D:6

Altars:
Hepliaklqana
Kikubaaqudgha
Sif Muna
Trog
Wu Jian
Xom
The Shining One


Innate Abilities, Weirdness & Mutations

You reflexively headbutt those who attack you in melee.
You have a pair of large horns on your head.
You are partially covered in iridescent scales. (AC +2)
You have a somewhat thin skeletal structure. (Dex +2, Stealth)


Message History

The orc priest calls upon Beogh to heal the orc warrior.
The orc warrior is healed somewhat.
The orc warrior hits you with a +0 long sword.
You block the howler monkey's attack.
You thump the orc warrior!
The orc warrior is heavily wounded.
You block the orc priest's attack. You block the howler monkey's attack.
The orc warrior hits you with a +0 long sword!
* * * LOW HITPOINT WARNING * * *
The orc cheers noisily.
The orc hits you with a +0 whip.
* * * LOW HITPOINT WARNING * * *
The howler monkey hoots and howls with incredible vigour!
The orc priest hits you but does no damage.
You block the orc warrior's attack.
You hear a bellow! x2
You block the howler monkey's attack.
The orc priest mumbles some strange prayers to Beogh against you.
Pain shoots through your body!
You die...

.# #....####...# .#
#...........# .# #..........##
.# #......o..... .#
#....##...... .# #....# ...###
.# #....# ...#
)####################....# ...#
................@oo......##...#
...............Toh.............
.........<......o...............
..............................
.#######.........###...######.
.# #.........# #...# .#
#.........# #...# .# #.........#
#...# .# #.........# ...#


You could see a troll, an orc warrior, a howler monkey, 2 orc priests and an
orc.

Vanquished Creatures
  Pikel (D:6)
  A troll (D:9)
  Sigmund (D:2)
  A wyvern (D:9)
  Eustachio (D:6)
  Edmund (D:6)
  Menkaure (D:6)
  4 sky beasts
  A slave (D:6)
  A necrophage (D:6)
  2 ogres
  2 big kobolds (Sewer)
  4 killer bees (D:9)
  7 wights
  A crimson imp (D:5)
  A centaur zombie (D:5)
  5 hounds
  A jelly (D:9)
  A centaur skeleton (D:4)
  A bullfrog skeleton (D:9)
  2 orc priests
  An iguana (D:4)
  An orc wizard (D:6)
  A worker ant (D:9)
  A hound skeleton (D:6)
  Robin (D:2)
  3 gnolls (D:6)
  A river rat (D:6)
  9 adders
  3 shadow imps
  3 oozes
  6 worms
  A dart slug (D:2)
  7 leopard geckos
  8 orcs
  5 giant cockroaches
  21 goblins
  13 hobgoblins
  7 jackals
  11 kobolds
  4 quokkas
  7 ball pythons
  5 bats
  10 frilled lizards
  10 rats
  2 fungi (Sewer)
181 creatures vanquished.

Vanquished Creatures (others)
  An orc (D:6)
1 creature vanquished.

Grand Total: 182 creatures vanquished

Notes
Turn   | Place    | Note
-------+----------+-------------------------------------------
     0 | D:1      | Neverdly the Minotaur Fighter began the quest for the Orb.
     0 | D:1      | Reached XP level 1. HP: 19/19 MP: 0/0
   237 | D:1      | Reached XP level 2. HP: 24/27 MP: 1/1
  1131 | D:2      | Reached XP level 3. HP: 27/33 MP: 2/2
  1232 | D:2      | Noticed Robin
  1239 | D:2      | Killed Robin
  1279 | D:2      | Reached XP level 4. HP: 39/40 MP: 3/3
  1282 | D:2      | Noticed Sigmund
  1303 | D:2      | Killed Sigmund
  1303 | D:2      | Reached XP level 5. HP: 24/47 MP: 4/4
  1944 | D:3      | Reached skill level 5 in Axes
  2057 | D:3      | Noticed an ogre
  2063 | D:3      | Killed an ogre
  2063 | D:3      | Reached skill level 5 in Fighting
  2063 | D:3      | Reached skill level 5 in Armour
  2063 | D:3      | Reached skill level 1 in Dodging
  2063 | D:3      | Reached XP level 6. HP: 31/56 MP: 5/5
  2831 | D:4      | Reached XP level 7. HP: 24/61 MP: 6/6
  3805 | D:5      | Entered Level 5 of the Dungeon
  3836 | D:5      | Reached skill level 5 in Shields
  4531 | D:6      | Reached XP level 8. HP: 69/70 MP: 7/7
  4592 | D:6      | Reached skill level 1 in Polearms
  4602 | D:6      | Noticed Edmund
  4607 | D:6      | Found a glowing drain.
  4620 | Sewer    | Entered a sewer
  4736 | Sewer    | Gained mutation: You have a somewhat thin skeletal
                  | structure. (Dex +2, Stealth) [potion of mutation]
  4736 | Sewer    | Gained mutation: You have a pair of large horns on your
                  | head. [potion of mutation]
  4736 | Sewer    | Gained mutation: You are partially covered in iridescent
                  | scales. (AC +2) [potion of mutation]
  4745 | D:6      | Killed Edmund
  4784 | D:6      | Noticed Eustachio
  4794 | D:6      | Noticed Menkaure
  4797 | D:6      | Noticed Pikel
  4814 | D:6      | Killed Menkaure
  4825 | D:6      | Killed Pikel
  4825 | D:6      | Reached skill level 1 in Maces & Flails
  4825 | D:6      | Reached skill level 5 in Polearms
  4825 | D:6      | Reached XP level 9. HP: 31/78 MP: 8/8
  4872 | D:6      | Killed Eustachio
  4984 | D:6      | Found a staircase to the Ecumenical Temple.
  5110 | Temple   | Entered the Ecumenical Temple
  5121 | Temple   | Became a worshipper of the Shining One
  5295 | D:7      | You fall through a shaft for 2 floors!
  5506 | D:9      | Noticed a troll
  5514 | D:9      | Killed a troll
  5786 | D:9      | Found an ancient bone altar of Kikubaaqudgha.
  5786 | D:9      | Found a shimmering altar of Xom.
  5786 | D:9      | Found a bloodstained altar of Trog.
  5893 | D:9      | Reached skill level 5 in Maces & Flails
  5931 | D:9      | Reached * piety under the Shining One
  5948 | D:9      | Noticed a troll
  5959 | D:9      | Killed from afar by an orc priest

Skill      XL: |  1  2  3  4  5  6  7  8  9 |
---------------+----------------------------+-----
Shields        | 4 5 6 |  6.8
Fighting       | 4 5 6 7 |  7.6
Armour         | 4 5 6 7 |  7.8
Axes           | 3 4 5 6 7 |  7.5
Dodging        | 1 2 3 |  3.2
Polearms       | 5 6 |  6.5
Maces & Flails | 1 5 |  5.3
Stealth        | |  0.3

Action                   |  1- 3 |  4- 6 |  7- 9 || total
-------------------------+-------+-------+-------++-------
Melee: War axe           |    93 |   147 |    60 ||   300
       Headbutt          |    14 |    21 |    35 ||    70
       Halberd           |       |       |    58 ||    58
       Flail             |       |       |    79 ||    79
  Use: Scroll            |       |     8 |     2 ||    10
       Potion            |       |       |    11 ||    11
  Eat: Chunk             |     1 |     5 |     7 ||    13
       Ration            |       |       |     1 ||     1
Armor: Scale mail        |    38 |    39 |    19 ||    96
       Plate armour      |       |       |   135 ||   135
Dodge: Dodged            |    31 |    53 |   157 ||   241
Block: Shield            |    37 |    74 |   106 ||   217
